 Dungeon Crawl Stone Soup version 0.25-a0-507-gf66f01b (webtiles) character file.

Game seed: 16626039966800022384, levelgen mode: deterministic

25 15 the Ruffian (level 2, -9/23 HPs)
             Began as a Draconian Transmuter on Feb 14, 2020.
             Mangled by Natasha (10 damage)
             ... on level 2 of the Dungeon.
             The game lasted 00:03:45 (628 turns).

15 the Ruffian (Draconian Transmuter)                Turns: 628, Time: 00:03:46

Health: -9/23      AC:  4    Str: 12    XL:     2   Next: 86%
Magic:  5/5        EV: 12    Int: 13    God:
Gold:   13         SH:  0    Dex: 14    Spells: 2/5 levels left

rFire    . . .     SeeInvis .     - Unarmed
rCold    . . .     Gourm    .   (no shield)
rNeg     . . .     Faith    .   (armour unavailable)
rPois    .         Spirit   .   (helmet restricted)
rElec    .         Reflect  .   (no cloak)
rCorr    .         Harm     .   (no gloves)
MR       .....                  (no boots)
Stlth    +.........             (no amulet)
HPRegen  0.07/turn              d - +3 ring of dexterity
MPRegen  0.09/turn              (no ring)

@: no status effects
A: unfitting armour, cold-blooded, AC +4
a: no special abilities


You were on level 2 of the Dungeon.
You were not hungry.

You visited 1 branch of the dungeon, and saw 2 of its levels.

You collected 13 gold pieces.

Inventory:

Missiles
 a - 10 arrows
Jewellery
 d - a +3 ring of dexterity (left hand)
Comestibles
 c - 2 rations


   Skills:
 + Level 1.2 Fighting
 + Level 1.8 Dodging
 + Level 3.5 Unarmed Combat
 + Level 2.2 Spellcasting
 + Level 2.4 Transmutations


You had 2 spell levels left.
You knew the following spells:

 Your Spells              Type           Power        Failure   Level  Hunger
a - Beastly Appendage     Tmut           #.....       10%         1    ##.....
b - Sticks to Snakes      Tmut           #.......     14%         2    ###....

Your spell library contained the following spells:

 Spells                   Type           Power        Failure   Level  Hunger
 Spider Form              Tmut/Pois      #.........   41%         3    ####...
 Ice Form                 Ice/Tmut       #.......     83%         4    #####..
 Blade Hands              Tmut           #.........   95%         5    ######.


Dungeon Overview and Level Annotations

Branches:
Dungeon (2/15)

Altars:

Annotations:
D:2 Natasha, Sigmund


Innate Abilities, Weirdness & Mutations

Your plain brown scales are hard. (AC +4)
You cannot fit into any form of body armour.
You are cold-blooded and may be slowed by cold attacks.


Message History

You are too injured to fight recklessly!
You are too injured to fight recklessly!
You are too injured to fight recklessly!
Natasha claws you.
* * * LOW HITPOINT WARNING * * *
You closely miss Natasha. Your kick misses Natasha.
Your tail-slap misses Natasha.
Your talons disappear.
Natasha claws you.
* * * LOW HITPOINT WARNING * * *
You closely miss Natasha.
Your tail-slap misses Natasha.
Natasha claws you.
* * * LOW HITPOINT WARNING * * *
The iron imp hits you but does no damage.
You barely miss Natasha. Natasha barely misses you.
You barely miss Natasha. The iron imp closely misses you. Natasha claws you.
* * * LOW HITPOINT WARNING * * *
You hit Natasha.
Natasha is lightly wounded.
The iron imp barely misses you. Natasha claws you!
You die...

####### ..... #...#
#...# #...# #...#
#...################
+..@.).....(........
#.5h################
#...# #...# #######
#.... #...... ##....
#...... #.....
#....). #.....#
####### ######


You could see an iron imp and Natasha.

Vanquished Creatures
  An adder (D:2)
  2 leopard geckos (D:2)
  A giant cockroach (D:1)
  2 goblins
  2 hobgoblins (D:2)
  A quokka (D:2)
  3 bats
  A frilled lizard (D:1)
  A kobold (D:2)
14 creatures vanquished.

Notes
Turn   | Place    | Note
-------+----------+-------------------------------------------
     0 | D:1      | 15 the Draconian Transmuter began the quest for the Orb.
     0 | D:1      | Reached XP level 1. HP: 16/16 MP: 3/3
    20 | D:1      | Upgraded the game from 0.25-a0-503-ge281fa6 to
                  | 0.25-a0-507-gf66f01b
   264 | D:2      | Reached XP level 2. HP: 18/23 MP: 5/5
   273 | D:2      | Noticed Sigmund
   306 | D:2      | Learned a level 2 spell: Sticks to Snakes
   616 | D:2      | Noticed Natasha
   625 | D:2      | HP: 1/23 [Natasha (4)]
   628 | D:2      | Mangled by Natasha

Levels and vault maps discovered:
D:1:      shiori_arrival_maze, layout_loops_cross
D:2:      layout_basic, uniq_natasha, uniq_crazy_yiuf_cottage, uniq_sigmund

Action                   || total
-------------------------++-------
Melee: Unarmed           ||    60
       Kick              ||     3
       Tailslap          ||     2
 Cast: Beastly Appendage ||     3
       Sticks to Snakes  ||     2
  Use: Potion            ||     1
Armor: Skin              ||    14
Dodge: Dodged            ||    34

Table legend:
 A = Non-vault XP
 B = Vault XP
 C = Vault XP percentage of total XP
 D = Non-vault monster count
 E = Vault monster count
 F = Vault count percentage of total count
                 A         B        C        D         E       F
            +---------+---------+-------+---------+---------+-------
      Total |      36 |       1 |   2.7 |      13 |       1 |   7.1
            +---------+---------+-------+---------+---------+-------
        D:1 |       5 |       1 |  16.7 |       3 |       1 |  25.0
        D:2 |      31 |       0 |   0.0 |      10 |       0 |   0.0
            +---------+---------+-------+---------+---------+-------
